 Dungeon Sprint DCSS version 0.21-a0-216-g6d3fd91 (webtiles) character file.

914 potatolord6000 the Fighter (level 7, 0/64 HPs)
             Began as a Demonspawn Fighter on Aug 23, 2017.
             Succumbed to a hornet's poison
             ... in the Dungeon (Sprint II: "The Violet Keep of Menkaure").
             The game lasted 00:05:20 (467 turns).

potatolord6000 the Fighter (Demonspawn Fighter)      Turns: 467, Time: 00:05:21

Health: 0/64       AC: 13    Str: 26    XL:     7   Next: 82%
Magic:  7/7        EV:  9    Int: 10    God:
Gold:   17         SH: 12    Dex: 12    Spells: 6/6 levels left

rFire    . . .     SeeInvis .   d - +0 falchion "Oruokia" {protect, rElec Int+3} (curse)
rCold    . . .     Gourm    .   c - +0 shield
rNeg     + . .     Faith    .   g - +3 ring mail {MR+}
rPois    .         Spirit   .   (helmet restricted)
rElec    +         Reflect  .   h - scarf {cloud immunity}
rCorr    .         Harm     .   (no gloves)
MR       +....     NoTele   +   (no boots)
Stlth    +.........             (no amulet)
HPRegen  0.20/turn              a - ring of the Ego {+Inv rN+ AC+1 Str+3 Int-2}
MPRegen  0.10/turn              b - +4 ring of strength

@: lethally poisoned (0 -> -7), slowed, very slow
A: horns 1, yellow scales 2, rot immunity
a: Evoke Invisibility


You were in the Dungeon.
You were not hungry.

You visited 1 branch You collected 972 gold pieces.
You spent 955 gold pieces at shops.

Inventory:

Hand Weapons
 d - the cursed +0 falchion "Oruokia" (weapon) {protect, rElec Int+3}
   (You bought it in a shop in the Dungeon)

   It protects the one who uses it against injury (+AC on strike).
   It affects your intelligence (+3).
   It insulates you from electricity.
   It has a curse placed upon it.
Armour
 c - a +0 shield (worn)
 g - a +3 ring mail of magic resistance (worn)
 h - a scarf of cloud immunity (worn)
Jewellery
 a - the ring of the Ego (left hand) {+Inv rN+ AC+1 Str+3 Int-2}
   (You bought it in a shop in the Dungeon)

   [ring of protection]

   It affects your AC (+1).
   It affects your strength (+3).
   It affects your intelligence (-2).
   It protects you from negative energy.
   It lets you turn invisible.
 b - a +4 ring of strength (right hand)
Scrolls
 k - a scroll of blinking
Potions
 i - 2 potions of magic
Comestibles
 f - a bread ration


   Skills:
 + Level 9.1 Fighting
 + Level 8.1 Long Blades
 + Level 8.5 Armour
 + Level 8.4 Shields


You had 6 spell levels left.
You didn't know any spells.

Dungeon Overview and Level Annotations

Branches:
Dungeon (1/1)

Altars:
Cheibriados
Dithmenos
Elyvilon
Hepliaklqana
Kikubaaqudgha
Makhleb
Qazlal
Ru
Sif Muna
Trog
Uskayaw
Vehumet
Wu Jian
Xom
Yredelemnul
Zin
The Shining One
Beogh
Jiyva
Lugonu

Shops:
D ?=:!(!=*[}=([}:%

Annotations:
D exclusion: oklob plant


Innate Abilities, Weirdness & Mutations

You have a pair of small horns on your head.
You are mostly covered in yellow scales. (AC +3)
You are immune to rotting.


Message History

Okay, then.
Okay, then.
You closely miss the hornet. Your headbutt misses the hornet.
The hornet is heavily wounded.
You feel sick. You block the hornet's attack. The polar bear bites you!
* * * LOW HITPOINT WARNING * * *
You block the polar bear's attack. The polar bear closely misses you.
The yaktaur is engulfed in a cloud of scalding steam.
You block the hornet's attack. The polar bear barely misses you. x2
You block the polar bear's attack.
The polar bear is engulfed in a cloud of scalding steam.
The polar bear bites you.
* * * LOW HITPOINT WARNING * * *
The polar bear claws you but does no damage.
The polar bear closely misses you. You block the polar bear's attack.
The polar bear barely misses you.
The polar bear claws you but does no damage.
The yaktaur is engulfed in a cloud of scalding steam.
Okay, then.
You die...

#≈≈####.).####.. .#
#≈##.###'###.##..# .# #
#≈#..###.##...#..# .# c#
÷≈'##††.<.'.##+..### .##.# $
#≈#..###.#### #....###...##▓▓
#≈##.###†## ##§§....≈≈≈≈≈≈≈≈
#≈≈####...####≈≈§.§.§≈#+#####
##≈≈≈#..#..#≈≈§§§≈h.§§#..._._
#'#≈##. .##≈≈§§@≈yc.≈#_._._.
#(#≈≈##+##≈≈§§≈≈hh≈§≈#._._._
####≈≈≈≈≈≈≈≈§§≈§≈§≈≈≈#_._._.
#+++#+++#≈§≈≈§§≈§≈#._._._
≈;;;§ ##§≈≈###≈≈#_._._.
≈≈≈§;;;≈≈##§§# #§≈#._._..
+≈≈§≈≈≈≈≈§≈≈+§≈# #≈§#.._...
##≈§§§≈≈§≈≈##≈≈≈ ≈≈≈#######
##§§§§§§≈## ##


You could see 3 polar bears, a yaktaur and a hornet.

Vanquished Creatures
  A merfolk siren (D)
  Menkaure (D)
  4 necrophages (D)
  A crocodile (D)
  A hell rat (D)
  4 worker ants (D)
  2 worms (D)
14 creatures vanquished.

Vanquished Creatures (others)
  A crocodile (D)
1 creature vanquished.

Grand Total: 15 creatures vanquished

Notes
Turn   | Place    | Note
-------+----------+-------------------------------------------
     0 | D        | potatolord6000 the Demonspawn Fighter began the quest for the Orb.
     0 | D        | Reached XP level 1. HP: 18/18 MP: 1/1
     3 | D        | Noticed a merfolk siren
    15 | D        | Killed a merfolk siren
    15 | D        | Reached skill level 7 in Fighting
    15 | D        | Gained mutation: You have a pair of small horns on your head. [demonic ancestry]
    15 | D        | Reached XP level 2. HP: 13/31 MP: 2/2
    15 | D        | Gained mutation: You are partially covered in yellow scales. (AC +2) [demonic ancestry]
    15 | D        | Reached XP level 3. HP: 15/36 MP: 3/3
    15 | D        | Gained mutation: You are mostly covered in yellow scales. (AC +3) [demonic ancestry]
    15 | D        | Reached XP level 4. HP: 18/43 MP: 4/4
    15 | D        | Gained mutation: You are immune to rotting. [demonic ancestry]
    15 | D        | Reached XP level 5. HP: 20/48 MP: 5/5
    15 | D        | Reached XP level 6. HP: 23/55 MP: 6/6
    73 | D        | Noticed Menkaure
    78 | D        | Reached skill level 8 in Fighting
    78 | D        | Reached XP level 7. HP: 62/62 MP: 7/7
    79 | D        | Killed Menkaure
   115 | D        | Reached skill level 9 in Fighting
   171 | D        | Found Erogoc's Antique Weapon Emporium.
   171 | D        | Found Rocevitt's Gadget Emporium.
   171 | D        | Found Quiw's Antique Armour Shoppe.
   171 | D        | Found Lankuola's Food Emporium.
   171 | D        | Found Xedialuweoh's Jewellery Shoppe.
   171 | D        | Found Fugif's Antique Armour Shoppe.
   171 | D        | Found Nivic's Book Shoppe.
   172 | D        | Found Tuvan's Gadget Emporium.
   172 | D        | Found Olyuxt's Assorted Antiques.
   173 | D        | Found Heykar's Jewellery Shoppe.
   173 | D        | Found Nenkycox's Distillery.
   173 | D        | Noticed a yak
   175 | D        | Noticed a yak
   175 | D        | Found Kegaush's Antique Weapon Emporium.
   175 | D        | Found Oxyeshry's Distillery.
   175 | D        | Noticed a yak
   175 | D        | Noticed an oklob plant
   176 | D        | Noticed a shining eye
   176 | D        | Found Elannel's Jewellery Shoppe.
   176 | D        | Found Nefits's Book Shoppe.
   176 | D        | Found Jaakhlir's Magic Scroll Emporium.
   178 | D        | Noticed a shining eye
   178 | D        | Noticed a shining eye
   184 | D        | Bought a steaming falchion for 200 gold pieces
   184 | D        | Identified the cursed +0 falchion "Oruokia" {protect, rElec Int+3} (You bought it in a shop in the Dungeon)
   206 | D        | Bought the ring of the Ego {+Inv rN+ AC+1 Str+3 Int-2} for 233 gold pieces
   208 | D        | Bought a glowing ring mail for 105 gold pieces
   208 | D        | Bought an embroidered scarf for 120 gold pieces
   229 | D        | Bought a +4 ring of strength for 297 gold pieces
   452 | D        | Found a glowing golden altar of the Shining One.
   452 | D        | Found an ornate altar of the Wu Jian Council.
   452 | D        | Found a stormy altar of Qazlal.
   453 | D        | Found a shimmering altar of Xom.
   453 | D        | Found a sacrificial altar of Ru.
   453 | D        | Found a hazy altar of Hepliaklqana.
   454 | D        | Found a basalt altar of Yredelemnul.
   454 | D        | Found a deep blue altar of Sif Muna.
   454 | D        | Found a viscous altar of Jiyva.
   454 | D        | Found a roughly hewn altar of Beogh.
   455 | D        | Found a bloodstained altar of Trog.
   455 | D        | Found a glowing silver altar of Zin.
   455 | D        | Found an ancient bone altar of Kikubaaqudgha.
   455 | D        | Found a snail-covered altar of Cheibriados.
   456 | D        | Found a hide-covered altar of Uskayaw.
   456 | D        | Found a corrupted altar of Lugonu.
   456 | D        | Found a shadowy altar of Dithmenos.
   456 | D        | Noticed a polar bear
   457 | D        | Noticed a polar bear
   457 | D        | Found a burning altar of Makhleb.
   457 | D        | Found a radiant altar of Vehumet.
   457 | D        | Found a white marble altar of Elyvilon.
   458 | D        | Noticed a polar bear
   459 | D        | Noticed a yaktaur
   459 | D        | Noticed a hornet
   466 | D        | HP: 1/64 [polar bear (3)]
   467 | D        | Succumbed to a hornet's poison

Vault maps used:
D:        the_violet_keep_of_menkaure

Skill      XL: |  1  2  3  4  5  6  7 |
---------------+----------------------+-----
Fighting       | 7 8 9 |  9.1
Long Blades    | 6 7 8 |  8.1
Armour         | 6 7 8 |  8.5
Shields        | 6 7 8 |  8.4

Action                   |  1- 3 |  4- 6 |  7- 9 || total
-------------------------+-------+-------+-------++-------
Melee: Long sword        |     9 |    13 |    33 ||    55
       Headbutt          |       |     3 |    12 ||    15
       Falchion          |       |       |    20 ||    20
  Use: Potion            |     2 |     2 |     1 ||     5
Armor: Scale mail        |       |     1 |    12 ||    13
       Ring mail         |       |       |    22 ||    22
Dodge: Dodged            |     1 |     1 |    28 ||    30
Block: Shield            |       |     6 |    38 ||    44
       Rpst.: Long sword |       |       |     5 ||     5
       Falchion          |       |       |     4 ||     4

Table legend:
 A = Spawn XP
 B = Non-spawn XP
 C = Spawn XP percentage of total XP
 D = Spawn monster count
 E = Non-spawn monster count
 F = Spawn count percentage of total count
 G = Total turns spent on level
                    A         B        C        D         E        F      G
               +---------+---------+-------+---------+---------+-------+---------
         Total |       0 |    1307 |   0.0 |       0 |      14 |   0.0 |   467
               +---------+---------+-------+---------+---------+-------+---------
             D |       0 |    1307 |   0.0 |       0 |      14 |   0.0 |   467
               +---------+---------+-------+---------+---------+-------+---------
